 Dungeon Crawl Stone Soup version 0.29-a0-410-g9596d59a08 (webtiles) character file.

Game seed: 12863266895239244826

141 Glafi the Slasher (level 5, -4/46 HPs)
             Began as a Draconian Berserker on Apr 18, 2022.
             Was a Believer of Trog.
             Slain by Duvessa
             ... wielding a +0 short sword
              (10 damage)
             ... on level 4 of the Dungeon on May 14, 2022.
             The game lasted 00:41:24 (3570 turns).

Glafi the Slasher (Draconian Berserker)             Turns: 3570, Time: 00:41:25

Health: -4/46      AC:  5    Str: 19 (22) XL:     5   Next: 3%
Magic:  5/5        EV: 27    Int:  5 (7)  God:    Trog [**....]
Gold:   289        SH:  0    Dex:  9 (10) Spells: 4/4 levels left

rFire   . . .      SeeInvis .   a - +0 falchion
rCold   . . .      Faith    .   (no shield)
rNeg    . . .      Spirit   .   (body armour unavailable)
rPois   .          Reflect  .   (helmet restricted)
rElec   .          Harm     .   (no cloak)
rCorr   .          Rampage  .   (no gloves)
Will    .....                   (no boots)
Stlth   +.........              j - amulet of the acrobat
HPRegen 0.15/turn               (no ring)
MPRegen 0.09/turn               (no ring)

@: on berserk cooldown, acrobatic, flying, slowed, very slow
A: AC +5, unfitting armour, cold-blooded
a: Renounce Religion, Berserk, Trog's Hand


You were on level 4 of the Dungeon.
You worshipped Trog.
Trog was pleased with you.
You visited 1 branch of the dungeon, and saw 4 of its levels.

You collected 289 gold pieces.

Inventory:

Hand Weapons
 a - a +0 falchion (weapon)
Jewellery
 c - an amulet of magic regeneration
 j - an amulet of the acrobat (around neck)
Scrolls
 b - 2 scrolls of magic mapping {unknown}
 d - 2 scrolls of noise {unknown}
 f - a scroll of torment {unknown}
 g - 3 scrolls of amnesia {unknown}
 h - 2 scrolls of enchant armour {unknown}
 k - a scroll of immolation {unknown}
 l - a scroll of poison {unknown}
 n - a scroll of identify {unknown}
Potions
 e - a potion of degeneration
 o - a potion of might {unknown}


   Skills:
 * Level 4.1 Fighting
 + Level 4.5 Long Blades
 + Level 3.5 Dodging
 - Level 0.2 Stealth


You had 4 spell levels left.
You didn't know any spells.
Your spell library was empty.

Dungeon Overview and Level Annotations

Branches:
Dungeon (4/15)
 Temple: D:4-7

Altars:
Wu Jian

Shops:
D:1 (

Annotations:
D:4 Dowan, Duvessa


Innate Abilities, Weirdness & Mutations

Your plain brown scales are hard. (AC +5)
You cannot fit into any form of body armour.
You are cold-blooded and may be slowed by cold attacks.


Message History

Duvessa is severely wounded.
Duvessa hits you with a +0 short sword. x2
You are too injured to fight recklessly!
You are too injured to fight recklessly!
You hit Duvessa.
Duvessa is severely wounded.
Duvessa hits you with a +0 short sword.
* * * LOW HITPOINT WARNING * * *
Duvessa barely misses you.
You hit Duvessa but do no damage.
Duvessa is severely wounded.
Duvessa misses you.
You hit Duvessa but do no damage.
Duvessa is severely wounded.
Duvessa says, "When magic and the sword combine, nothing stands against them."
Duvessa hits you with a +0 short sword!
* * * LOW HITPOINT WARNING * * *
Dowan says, "Magic and the sword, together, will defeat you."
Duvessa hits you with a +0 short sword.
* * * LOW HITPOINT WARNING * * *
It was a potion of degeneration.
There was something very wrong with that liquid.
You feel weakened.
You feel dopey.
You feel clumsy. Duvessa completely misses you.
It was a potion of curing.
You feel better. Duvessa closely misses you.
It was a potion of flight.
You feel very buoyant.
You fly up into the air.
Dowan hits you with a +0 dagger.
* * * LOW HITPOINT WARNING * * *
Duvessa hits you with a +0 short sword.
* * * LOW HITPOINT WARNING * * *
Dowan mumbles some strange words.
Dowan blinks!
Duvessa gestures with her weapon.
Duvessa completely misses you. Duvessa attacks as you move away!
Duvessa closely misses you. Dowan casts a spell at you.
You resist with some effort. Duvessa barely misses you.
Duvessa attacks as you move away! Duvessa hits you with a +0 short sword!
You die...

. ##.##....## ##
#.........# .#
#.........# .#
#.......#.# .#
#.###.###.# .# #.#
#...#.######## .#####.#
###..........# .......#
###...##.....#
.......###.)....@.....#
)...............#e....#
.####.####.##.#.#s....#
.# #.# #.##.>e...####
.# #.# #.####.#### .#
#.# #.#.?...e.# .# #.#
#.#.##.......# .. ...
#.##..#.# #.. .... ..#
s.#


You could see Duvessa, Dowan and a scorpion.

Vanquished Creatures
  A hound (D:3)
  2 adders
  A worm (D:3)
  3 dart slugs
  4 orcs
  4 bats
  7 endoplasms
  4 giant cockroaches (D:2)
  5 hobgoblins
  4 jackals (D:2)
  5 kobolds
  4 quokkas
  5 ball pythons
  5 frilled lizards (D:1)
  10 goblins
  11 rats
75 creatures vanquished.

Notes
Turn   | Place    | Note
-------+----------+-------------------------------------------
     0 | D:1      | Glafi the Draconian Berserker began the quest for the Orb.
     0 | D:1      | Reached XP level 1. HP: 19/19 MP: 1/1
   258 | D:1      | Reached XP level 2. HP: 26/26 MP: 2/2
  1193 | D:1      | Reached XP level 3. HP: 31/31 MP: 3/3
  1224 | D:1      | Reached ** piety under Trog
  1369 | D:1      | Found Getor's Weapon Emporium.
  1729 | D:1      | Upgraded the game from 0.29-a0-338-g1ff7896281 to
                  | 0.29-a0-410-g9596d59a08
  2522 | D:2      | Reached XP level 4. HP: 36/40 MP: 4/4
  3247 | D:3      | Found an ornate altar of the Wu Jian Council.
  3477 | D:4      | Reached XP level 5. HP: 46/46 MP: 5/5
  3537 | D:4      | Noticed Dowan
  3539 | D:4      | Noticed Duvessa
  3570 | D:4      | Slain by Duvessa

Illustrated notes

Levels and vault maps discovered:
D:1:      sevenhm_arrival_forest_fort_small_5, layout_loops_corners,
          serial_shops, shop, nicolae_concentric_dashed_squares_mild,
          minmay_rat_gold_closets
D:2:      layout_loops_cross, minmay_circle_x
D:3:      layout_basic, mainiacjoe_overflow_chevrons
D:4:      layout_loops_cross, mainiacjoe_overflow_concentric_impassable,
          serial_shops, shop, serial_bayou_crossing, uniq_duvessa,
          uniq_crazy_yiuf_cottage

Skill      XL: |  1  2  3  4 |
---------------+-------------+-----
Dodging        | 3 |  3.5
Long Blades    | 4 |  4.5
Fighting       | 4 |  4.1
Stealth        | |  0.2

Action                   |  1- 3 |  4- 6 || total
-------------------------+-------+-------++-------
Melee: Falchion          |   159 |    83 ||   242
       Tailslap          |    14 |     4 ||    18
Invok: Berserk           |       |     1 ||     1
       Trog's Hand       |       |     1 ||     1
  Use: Potion            |       |     3 ||     3
 Stab: Sleeping          |     2 |       ||     2
Armor: Skin              |    57 |    20 ||    77
Dodge: Dodged            |   117 |    67 ||   184

Table legend: (Time is in decaauts)
 A = Elapsed time spent in this place.
 B = Non-inter-level travel time spent in this place.
 C = Inter-level travel time spent in this place.
 D = Time resting spent in this place.
 E = Time spent auto-exploring this place.
 F = Levels seen in this place.
 G = Mean time per level.
                   A        B        C        D        E       F      G
               +--------+--------+--------+--------+--------+-----+--------+
         Total |   3606 |   3408 |    198 |    432 |   1906 |   4 |  901.5 |
       Dungeon |   3606 |   3408 |    198 |    432 |   1906 |   4 |  901.5 |
               +--------+--------+--------+--------+--------+-----+--------+

Top non-repeatable levels by time:
     D:1: 1893 daAuts
     D:2: 978 daAuts
     D:3: 629 daAuts
     D:4: 105 daAuts
